 Dungeon Crawl Stone Soup version 0.32-a0-791-gfc315c9ecd (console) character file.

Game seed: 2593237818727908180

1792 jejorda2 the Poker (level 9, -7/111 HPs)
             Began as a Gnoll Berserker on Mar 20, 2024.
             Was a Priest of Trog.
             Engulfed by a cloud of steam (10 damage)
             ... on level 6 of the Dungeon.
             The game lasted 00:12:50 (4886 turns).

jejorda2 the Poker (Gnoll Berserker)                Turns: 4886, Time: 00:12:51

Health: -7/111     AC: 13    Str: 21    XL:     9   Next: 9%
Magic:  15/15      EV: 14    Int:  7    God:    Trog [***...]
Gold:   337        SH:  5    Dex: 11    Spells: 16/16 levels left

rFire   . . .        a - +1 scythe
rCold   . . .        (shield currently unavailable)
rNeg    . . .        d - +0 chain mail
rPois   .            (no helmet)
rElec   .            k - +0 cloak
rCorr   +            l - +1 pair of gloves
SInv    .            (no boots)
Will    .....        i - amulet of reflection Stlth
                     j - +5 ring of evasion
HPRegen 0.38/turn    n - ring of resist corrosion
MPRegen 0.14/turn

%: reflection
@: berserking (expiring), lethally poisoned (-7 -> -9), very quick
A: fangs 1, strong nose, distributed training
a: Renounce Religion, Berserk, Trog's Hand


You were on level 6 of the Dungeon.
You worshipped Trog.
Trog was most pleased with you.
You visited 1 branch of the dungeon, and saw 6 of its levels.
You also visited: Sewer.

You collected 367 gold pieces.
You spent 30 gold pieces at shops.

Inventory:

Hand Weapons
 a - a +1 scythe (weapon)
 b - the +8 sling "Kaoghu Cut" {freeze, Will+ rCorr}
   (You found it on level 4 of the Dungeon)

   Will+:     It increases your willpower.
   rCorr:     It protects you from acid and corrosion.
 c - a +0 spear
Missiles
 g - 11 poisoned darts (quivered)
 q - 6 boomerangs
 u - 3 throwing nets
Armour
 d - a +0 chain mail (worn)
 k - a +0 cloak (worn)
 l - a +1 pair of gloves (worn)
Jewellery
 i - an amulet of reflection (around neck)
 j - a +5 ring of evasion (left hand)
 n - a ring of resist corrosion (right hand)
Wands
 w - a wand of polymorph (5)
 x - a wand of flame (20)
Scrolls
 o - 2 scrolls of immolation
 s - 2 scrolls of teleportation
Potions
 e - a potion of resistance
 f - a potion of enlightenment {unknown}
 h - 3 potions of curing
 m - a potion of ambrosia
 p - 2 potions of brilliance
 r - a potion of heal wounds
 t - a potion of mutation {unknown}
 v - a potion of might {unknown}
 z - a potion of cancellation {unknown}
 A - a potion of lignification {unknown}
 B - 2 potions of attraction {unknown}


   Skills:
 + Level 7.8 Fighting
 + Level 4.0 Short Blades
 + Level 4.0 Long Blades
 + Level 4.0 Axes
 + Level 4.0 Maces & Flails
 + Level 7.8 Polearms
 + Level 4.0 Staves
 + Level 4.0 Ranged Weapons
 + Level 4.0 Throwing
 + Level 6.2 Armour
 + Level 6.2 Dodging
 + Level 4.0 Stealth
 + Level 4.0 Shields
 + Level 4.0 Unarmed Combat
 + Level 4.0 Spellcasting
 + Level 3.3 Conjurations
 + Level 3.3 Hexes
 + Level 3.3 Summonings
 + Level 3.3 Necromancy
 + Level 3.3 Translocations
 + Level 3.3 Fire Magic
 + Level 3.3 Ice Magic
 + Level 3.3 Air Magic
 + Level 3.3 Earth Magic
 + Level 3.3 Alchemy
 + Level 4.4 Invocations
 + Level 4.0 Evocations
 + Level 3.6 Shapeshifting


You had 16 spell levels left.
You didn't know any spells.
Your spell library was empty.

Dungeon Overview and Level Annotations

Branches:
Dungeon (6/15)             Temple (0/1) D:6           Sewer (visited)

Altars:
Ru
Vehumet
Xom
Yredelemnul

Shops:
D:1 (   D:2 *

Annotations:
D:3 2 transporters, Elsrick's ghost, amateur OnFi
D:6 3 runed translucent doors, ragingrage's ghost, weakling VSDe


Innate Abilities, Weirdness & Mutations

You have very sharp teeth.
Your uncanny sense of smell can sniff out nearby items.
Your experience applies equally to all skills.


Message History

You feel sick.
The water moccasin is engulfed in a cloud of scalding steam.
The water moccasin closely misses you.
You closely miss the water moccasin.
The water moccasin is moderately wounded.
You feel sick. The water moccasin barely misses you.
The steam dragon barely misses you.
The steam dragon claws you but does no damage.
You barely miss the water moccasin.
The water moccasin is moderately wounded.
You feel sick. The water moccasin barely misses you.
The steam dragon breathes steam at you. The ball of steam hits you!
* * * LOW HITPOINT WARNING * * *
You completely miss the water moccasin.
The water moccasin is moderately wounded.
You are engulfed in a cloud of scalding steam.
* * * LOW HITPOINT WARNING * * *
You feel sick. The water moccasin barely misses you.
The steam dragon barely misses you. The steam dragon closely misses you.
Unknown command.
* * * LOW HITPOINT WARNING * * *
You feel sick. You block the water moccasin's attack.
You slice the water moccasin!!
You kill the water moccasin!
Trog accepts your kill.
* * * LOW HITPOINT WARNING * * *
You feel sick.
Unknown command.
You hit the steam dragon but do no damage.
The steam dragon is severely wounded.
* * * LOW HITPOINT WARNING * * *
You feel sick. You block the steam dragon's attack.
The steam dragon barely misses you.
You slash the steam dragon! You bite the steam dragon.
You kill the steam dragon!
Trog accepts your kill.
The steam dragon scales are intact enough to wear.
You are engulfed in a cloud of scalding steam.
You die...

.....####...##.##.....##
.>...#....#.##.#.........
.......####.#............
.....### #...............
###### #.####.####.....
##.....##..... #
#.......#.....
#..#......§#.....
#>....§_@.§.....
#..#..§....#..##
#..#..§§§..#.## #.
##.....## # # ###.### ...
..# ####


There were no monsters in sight!

Vanquished Creatures
  Sigmund (D:4)
  A steam dragon (D:6)
  Edmund (D:4)
  Menkaure (D:4)
  2 water moccasins (D:6)
  An ogre (D:6)
  2 bullfrogs (Sewer)
  A gnoll sergeant (D:5)
  A scorpion (D:5)
  2 water moccasin zombies (D:6)
  A bombardier beetle (D:5)
  A bullfrog zombie (D:6)
  A jelly (D:4)
  An orc priest (D:6)
  A gnoll bouda (D:5)
  4 hounds
  A sleepcap (D:6)
  An iguana (D:5)
  A killer bee zombie (D:6)
  10 gnolls
  3 howler monkey zombies (D:6)
  6 river rats
  14 adders
  A shadow imp (D:6)
  A white imp (D:5)
  A dart slug (D:2)
  4 ribbon worms
  7 orcs
  9 endoplasms
  6 giant cockroaches
  4 goblins
  8 hobgoblins
  5 quokkas
  9 ball pythons
  6 bats
  4 frilled lizards
  6 kobolds
  19 rats
148 creatures vanquished.

Notes
Turn   | Place    | Note
-------+----------+-------------------------------------------
     0 | D:1      | jejorda2 the Gnoll Berserker began the quest for the Orb.
     0 | D:1      | Reached XP level 1. HP: 23/23 MP: 1/1
   192 | D:1      | Reached XP level 2. HP: 29/29 MP: 2/2
   241 | D:1      | Found Sulos's Antique Weapon Shoppe.
   680 | D:2      | Reached XP level 3. HP: 35/35 MP: 3/3
   719 | D:2      | Reached skill level 1 in Invocations
   744 | D:2      | Found Efebuttu's General Store.
   752 | D:2      | Bought a potion of curing for 30 gold pieces
   849 | D:2      | Reached ** piety under Trog
   867 | D:2      | Reached skill level 1 in Short Blades
   867 | D:2      | Reached skill level 1 in Long Blades
   867 | D:2      | Reached skill level 1 in Axes
   867 | D:2      | Reached skill level 1 in Maces & Flails
   867 | D:2      | Reached skill level 1 in Staves
   867 | D:2      | Reached skill level 1 in Ranged Weapons
   867 | D:2      | Reached skill level 1 in Throwing
   867 | D:2      | Reached skill level 1 in Stealth
   867 | D:2      | Reached skill level 1 in Shields
   867 | D:2      | Reached skill level 1 in Unarmed Combat
   867 | D:2      | Reached skill level 1 in Spellcasting
   867 | D:2      | Reached skill level 1 in Evocations
   959 | D:2      | Found a sacrificial altar of Ru.
  1125 | D:2      | Reached skill level 1 in Shapeshifting
  1125 | D:2      | Reached XP level 4. HP: 38/41 MP: 5/5
  1339 | D:3      | Reached skill level 1 in Conjurations
  1339 | D:3      | Reached skill level 1 in Hexes
  1339 | D:3      | Reached skill level 1 in Summonings
  1339 | D:3      | Reached skill level 1 in Necromancy
  1339 | D:3      | Reached skill level 1 in Translocations
  1339 | D:3      | Reached skill level 1 in Fire Magic
  1339 | D:3      | Reached skill level 1 in Ice Magic
  1339 | D:3      | Reached skill level 1 in Air Magic
  1339 | D:3      | Reached skill level 1 in Earth Magic
  1339 | D:3      | Reached skill level 1 in Alchemy
  1602 | D:3      | Found a transporter.
  1612 | D:3      | Noticed Elsrick's ghost (amateur OnFi)
  1612 | D:3      | Noticed an ogre
  1613 | D:3      | Found a transporter.
  1613 | D:3      | Noticed an ogre
  1613 | D:3      | Noticed an ogre
  2189 | D:4      | Identified the +8 sling "Kaoghu Cut" {freeze, Will+ rCorr}
  2201 | D:4      | Noticed Sigmund
  2210 | D:4      | Killed Sigmund
  2211 | D:4      | Reached XP level 5. HP: 47/47 MP: 5/7
  2211 | D:4      | Reached XP level 6. HP: 53/53 MP: 5/8
  2225 | D:4      | Reached skill level 5 in Armour
  2225 | D:4      | Reached skill level 5 in Dodging
  2227 | D:4      | Noticed Edmund
  2250 | D:4      | Killed Edmund
  2428 | D:4      | Found a glowing drain.
  2436 | Sewer    | Entered a sewer
  2489 | Sewer    | Reached XP level 7. HP: 38/59 MP: 10/10
  2729 | Sewer    | Reached *** piety under Trog
  3175 | D:4      | Noticed Menkaure
  3182 | D:4      | Killed Menkaure
  3589 | D:5      | Entered Level 5 of the Dungeon
  3619 | D:5      | Reached XP level 8. HP: 67/67 MP: 12/12
  4514 | D:6      | Found a radiant altar of Vehumet.
  4545 | D:6      | Found a staircase to the Ecumenical Temple.
  4672 | D:6      | Found a basalt altar of Yredelemnul.
  4773 | D:6      | Found a runed translucent gate.
  4774 | D:6      | Found a runed translucent gate.
  4774 | D:6      | Noticed ragingrage's ghost (weakling VSDe)
  4775 | D:6      | Found a runed translucent gate.
  4833 | D:6      | Found a shimmering altar of Xom.
  4845 | D:6      | Reached XP level 9. HP: 73/73 MP: 13/15
  4881 | D:6      | HP: 5/109 [steam dragon/ball of steam (15)]
  4886 | D:6      | Engulfed by a cloud of steam

Illustrated notes

Levels and vault maps discovered:
D:1:      wander_arrival_chamber, layout_basic, serial_shops,
          nicolae_shop_rolling_square
D:2:      layout_loops_ring, serial_shops, shop, basic_altar
D:3:      layout_basic, gammafunk_ghost_smash
D:4:      layout_basic, gup_sewer_entry_bubbles, st_stairs_8, uniq_edmund,
          uniq_sigmund, uniq_menkaure
D:5:      layout_gridville
D:6:      layout_rooms, nicolae_yredelemnul_corpse_copse,
          nicolae_vehumet_altar_sigil, marbit_many_paths, old_standard_altar,
          minmay_temple_entry_overgrown, biasface_ghost_orc_armoury

Skill      XL: |  1  2  3  4  5  6  7  8 |
---------------+-------------------------+-----
Invocations    | 1 2 3 4 |  4.4
Short Blades   | 1 2 3 4 |  4.0
Long Blades    | 1 2 3 4 |  4.0
Axes           | 1 2 3 4 |  4.0
Maces & Flails | 1 2 3 4 |  4.0
Staves         | 1 2 3 4 |  4.0
Ranged Weapons | 1 2 3 4 |  4.0
Throwing       | 1 2 3 4 |  4.0
Stealth        | 1 2 3 4 |  4.0
Shields        | 1 2 3 4 |  4.0
Unarmed Combat | 1 2 3 4 |  4.0
Spellcasting   | 1 2 3 4 |  4.0
Evocations     | 1 2 3 4 |  4.0
Shapeshifting  | 1 2 3 |  3.6
Conjurations   | 1 2 3 |  3.3
Hexes          | 1 2 3 |  3.3
Summonings     | 1 2 3 |  3.3
Necromancy     | 1 2 3 |  3.3
Translocations | 1 2 3 |  3.3
Fire Magic     | 1 2 3 |  3.3
Ice Magic      | 1 2 3 |  3.3
Air Magic      | 1 2 3 |  3.3
Earth Magic    | 1 2 3 |  3.3
Alchemy        | 1 2 3 |  3.3
Armour         | 5 6 |  6.2
Dodging        | 5 6 |  6.2
Fighting       | 7 |  7.8
Polearms       | 7 |  7.8

Action                     |  1- 3 |  4- 6 |  7- 9 || total
---------------------------+-------+-------+-------++-------
  Melee: Spear             |   126 |    90 |       ||   216
         Bite              |     6 |    15 |    18 ||    39
         Halberd           |       |    84 |   208 ||   292
   Fire: Sling             |       |     6 |    71 ||    77
 Invoke: Berserk           |       |     1 |     4 ||     5
         Trog's Hand       |       |     3 |       ||     3
    Use: Scroll            |       |     7 |     8 ||    15
   Stab: Sleeping          |     5 |     4 |       ||     9
 Armour: Animal skin       |    33 |    19 |       ||    52
         Scale mail        |       |    18 |    41 ||    59
         Chain mail        |       |       |   110 ||   110
  Dodge: Dodged            |    46 |    78 |   220 ||   344
  Block: Other             |     1 |    21 |    80 ||   102

Table legend: (Time is in decaauts)
 A = Elapsed time spent in this place.
 B = Non-inter-level travel time spent in this place.
 C = Inter-level travel time spent in this place.
 D = Time resting spent in this place.
 E = Time spent auto-exploring this place.
 F = Levels seen in this place.
 G = Mean time per level.
                   A        B        C        D        E       F      G
               +--------+--------+--------+--------+--------+-----+--------+
         Total |   4985 |   4848 |    137 |    217 |   3406 |   7 |  712.1 |
       Dungeon |   4471 |   4334 |    137 |    186 |   3095 |   6 |  745.2 |
         Sewer |    514 |    514 |      0 |     30 |    310 |   1 |  514.0 |
               +--------+--------+--------+--------+--------+-----+--------+

Top non-repeatable levels by time:
     D:4: 1009 daAuts
     D:3: 898 daAuts
     D:5: 835 daAuts
     D:1: 615 daAuts
     D:2: 615 daAuts
   Sewer: 514 daAuts
     D:6: 497 daAuts
